 Dungeon Crawl Stone Soup version 0.31-a0-267-g3fc6992b3b (webtiles) character file.

Game seed: 14407674766128508612

16 British0li the Sneak (level 2, 0/24 HPs)
             Began as a Demonspawn Delver on July 14, 2023.
             Succumbed to an adder's poison
             ... on level 2 of the Dungeon.
             The game lasted 00:00:52 (196 turns).

British0li the Sneak (Demonspawn Delver)             Turns: 196, Time: 00:00:53

Health: 0/24       AC:  3    Str: 12    XL:     2   Next: 37%
Magic:  1/1        EV: 12    Int: 11    God:
Gold:   48         SH:  0    Dex: 14    Spells: 1/1 levels left

rFire   . . .        a - +0 falchion
rCold   . . .        (no shield)
rNeg    . . .        b - +0 leather armour
rPois   .            (helmet restricted)
rElec   .            (no cloak)
rCorr   .            (no gloves)
SInv    .            (no boots)
Will    .....        (no amulet)
Stlth   +++          (no ring)
HPRegen 0.24/turn    (no ring)
MPRegen 0.07/turn

%: no passive effects
@: lethally poisoned (0 -> -4), about to teleport
A: claws 1, horns 1, low MP 1
a: no special abilities


You were on level 2 of the Dungeon.
You visited 1 branch of the dungeon, and saw 4 of its levels.

You collected 48 gold pieces.

Inventory:

Hand Weapons
 a - a +0 falchion (weapon)
Armour
 b - a +0 leather armour (worn)
Wands
 g - a wand of digging (3)
Scrolls
 c - 2 scrolls of fog
 d - 2 scrolls of revelation
 e - a scroll of fear
 h - a scroll of teleportation
 i - a scroll of enchant weapon {unknown}
Potions
 f - a potion of haste


   Skills:
 + Level 3.2 Fighting
 * Level 2.1 Long Blades
 + Level 0.2 Armour
 + Level 2.0 Dodging
 - Level 4.6 Stealth


You had one spell level left.
You didn't know any spells.
Your spell library contained the following spells:

 Spells                   Type           Power      Damage    Failure   Level
 Blink                    Tloc           0%         N/A       56%         2
 Manifold Assault         Tloc           0%         N/A       99%         4


Dungeon Overview and Level Annotations

Branches:
Dungeon (5/15)
 Temple: D:4-7

Altars:
Nemelex Xobeh


Innate Abilities, Weirdness & Mutations

You have sharp fingernails.
You have a pair of small horns on your head.
Your magical capacity is low. (-10% MP)


Message History

You are poisoned.
The adder poisons you! The adder closely misses you.
You slash the adder!
The adder is severely wounded.
You feel sick. The adder bites you but does no damage. The adder bites you.
You are more poisoned.
The adder poisons you!
You closely miss the adder.
The adder is severely wounded.
You feel sick. The adder barely misses you.
You are too injured to fight recklessly!
You are too injured to fight recklessly!
You are too injured to fight recklessly!
You miss the adder.
The adder is severely wounded.
You feel sick. The adder bites you. The adder barely misses you.
You hit the adder.
The adder is severely wounded.
You feel sick. The adder bites you.
* * * LOW HITPOINT WARNING * * *
You are lethally poisoned!
The adder poisons you!
You slash the adder!
You kill the adder!
* * * LOW HITPOINT WARNING * * *
You feel sick.
Your Long Blades skill increases to level 2!
Your Dodging skill increases to level 2!
You have reached level 2!
Your demonic ancestry asserts itself...
Your fingernails lengthen.
There is a lethal amount of poison in your body!
There is a lethal amount of poison in your body!
It was a potion of mutation.
You feel extremely strange.
You feel less energetic. A pair of horns grows on your head!
* * * LOW HITPOINT WARNING * * *
You feel sick.
As you read the scroll labelled TER GIGETZ, it crumbles to dust.
You feel strangely unstable.
It was a scroll of teleportation.
You die...

#########
#.......#
#.......#
#.......#
#.#...@...#
........>..#
####.).....#
###...###
#.... #.....
####.. ~.~
≈~.


There were no monsters in sight!

Vanquished Creatures
  An adder (D:2)
  An orc (D:5)
  An endoplasm (D:3)
  2 quokkas
  A kobold (D:4)
6 creatures vanquished.

Notes
Turn   | Place    | Note
-------+----------+-------------------------------------------
     0 | D:5      | British0li the Demonspawn Delver began the quest for the
                  | Orb.
     0 | D:5      | Reached XP level 1. HP: 18/18 MP: 1/1
     3 | D:5      | Found a sparkling altar of Nemelex Xobeh.
   117 | D:5      | Noticed a sleepcap
   195 | D:2      | Gained mutation: You have sharp fingernails. [demonic
                  | ancestry]
   195 | D:2      | Reached XP level 2. HP: 3/24 MP: 2/2
   195 | D:2      | Gained mutation: Your magical capacity is low. (-10% MP)
                  | [potion of mutation]
   195 | D:2      | Gained mutation: You have a pair of small horns on your
                  | head. [potion of mutation]
   196 | D:2      | Succumbed to an adder's poison

Illustrated notes

Levels and vault maps discovered:
D:2:      layout_basic, serial_rivers, chequers_serial_rivers_micro_e,
          chequers_serial_rivers_marsh, chequers_serial_rivers_large_a,
          chequers_serial_rivers_room_b, chequers_serial_rivers_marsh,
          chequers_serial_rivers_micro_e, minmay_fractal_squares_5, uniq_robin,
          uniq_sigmund
D:3:      layout_basic, general_overflow_altar, kennysheep_pointless_box,
          nrook_campfire, nrook_uturn, kennysheep_generic_room_8,
          uniq_crazy_yiuf_cottage
D:4:      layout_loops_ring, lemuel_crystal_altar,
          nicolae_hepliaklqana_hippocampus, serial_rivers,
          chequers_serial_rivers_room_a, chequers_serial_rivers_micro_d,
          chequers_serial_rivers_micro_c, chequers_serial_rivers_micro_d,
          chequers_serial_rivers_micro_b, serial_bayou_lake_a
D:5:      layout_basic, grunt_temple_overflow_open

Skill      XL: |  1 |
---------------+----+-----
Long Blades    | 2 |  2.1
Dodging        | 2 |  2.0
Fighting       | |  3.2
Armour         | |  0.2
Stealth        | |  4.6

Action                     || total
---------------------------++-------
  Melee: Falchion          ||    19
    Use: Scroll            ||     1
         Potion            ||     1
   Stab: Sleeping          ||     2
 Armour: Leather armour    ||     2
  Dodge: Dodged            ||     9

Table legend: (Time is in decaauts)
 A = Elapsed time spent in this place.
 B = Non-inter-level travel time spent in this place.
 C = Inter-level travel time spent in this place.
 D = Time resting spent in this place.
 E = Time spent auto-exploring this place.
 F = Levels seen in this place.
 G = Mean time per level.
                   A        B        C        D        E       F      G
               +--------+--------+--------+--------+--------+-----+--------+
         Total |    199 |    189 |     10 |      0 |    123 |   4 |   49.8 |
       Dungeon |    199 |    189 |     10 |      0 |    123 |   4 |   49.8 |
               +--------+--------+--------+--------+--------+-----+--------+

Top non-repeatable levels by time:
     D:5: 127 daAuts
     D:3: 48 daAuts
     D:4: 11 daAuts
     D:2: 11 daAuts
